 Dungeon Crawl Stone Soup version 0.32-a0-391-gce5c0aab1b (webtiles) character file.

Game seed: 16749462013235874595

56 ytrimaz the Chopper (level 3, -6/27 HPs)
             Began as a Coglin Gladiator on Feb 20, 2024.
             Mangled by a gnoll
             ... wielding a +0 halberd
              (12 damage)
             ... on level 2 of the Dungeon.
             The game lasted 00:01:19 (991 turns).

ytrimaz the Chopper (Coglin Gladiator)               Turns: 991, Time: 00:01:20

Health: -6/27      AC:  4    Str: 16    XL:     3   Next: 97%
Magic:  4/4        EV: 12    Int:  7    God:
Gold:   26         SH:  5    Dex: 15    Spells: 2/2 levels left

rFire   + . .        a - +0 war axe {Chaewon}
rCold   + . .        (no shield)
rNeg    . . .        b - +0 leather armour
rPois   +            c - +0 helmet
rElec   +            (no cloak)
rCorr   +            (no gloves)
SInv    .            (no boots)
Will    .....        l - amulet of reflection
Stlth   +            (no ring)
HPRegen 0.24/turn    (no ring)
MPRegen 0.09/turn

%: reflection
@: resistant, weak-willed
A: off-hand wielding, slow wielding, warmup strikes, warmup strides
a: no special abilities


You were on level 2 of the Dungeon.
You visited 1 branch of the dungeon, and saw 2 of its levels.

You collected 26 gold pieces.


Innate Abilities, Weirdness & Mutations

You can wield a second weapon in your off-hand.
It takes a long time for you to wield or remove held weapons.
Your first few attacks do less damage.
Your first movements take longer.


   Skills:
 - Level 2.0 Fighting
 + Level 3.6 Axes
 - Level 1.7 Throwing
 - Level 2.6 Dodging
 + Level 1.4 Invocations
 + Level 2.4 Evocations


You had 2 spell levels left.
You didn't know any spells.
Your spell library contained the following spells:

 Spells                   Type           Power      Damage    Failure   Level
 Necrotise                Necr           0%         1d4       50%         1
 Vampiric Draining        Necr           0%         2d6       86%         3
 Martyr's Knell           Necr/Summ      0%         N/A       99%         4
 Curse of Agony           Necr           0%         N/A       100%        5

Inventory:

Hand Weapons
 a - a +0 war axe (weapon) {Chaewon}
Missiles
 d - 3 throwing nets (quivered)
 e - a javelin
Armour
 b - a +0 leather armour (worn)
 c - a +0 helmet (worn)
Jewellery
 l - an amulet of reflection (around neck)
   (You found it on level 2 of the Dungeon)
Scrolls
 g - a scroll of torment
 h - a scroll of noise
 j - a scroll of vulnerability
Potions
 i - a potion of cancellation

Dungeon Overview and Level Annotations

Branches:
Dungeon (2/15) Zot: 10933

Altars:

........ #.........###
........ ............
...(.... #..........
........ #.........#
........ #.........#
........ #.........#
........ #......gb.#
......... #...##g@#.###
....#.....
#......g#...#.#.#.#.#...
#...###..#... ..#.......
### ##.#.## #.........
#....# ........< ###§...#
###...>.. #§§§§..#
#...... ##§#.§..##
#......
######§§####..#####......


You could see 3 gnolls and a bat.


Message History

No target in view!
m - a scroll labelled CYHOYH ONIH
j - 2 scrolls labelled KYXUIK SELYU (gained 1)
You pick up a book of Necromancy and begin reading...
You add the spells Necrotise, Vampiric Draining, Martyr's Knell and Curse of Agony to your library.
A bat comes into view.
A bat is nearby!
A bat is nearby!
A bat is nearby!
A bat is nearby!
The bat barely misses you. The bat barely misses you.
You miss the bat. The bat hits you. 😕 HP[-1]
You take 1 damage, and now have 26/27 hp.
The bat barely misses you.
The bat hits you but does no damage. 😎 HP[+1]
Your hp is fully restored (27).
Unknown command.
A ball python comes into view.
The ball python hisses angrily.
The bat barely misses you. You block the bat's attack.
There are monsters nearby!
There are monsters nearby!
You miss the bat. The bat barely misses you. The bat hits you.
The bat hits you but does no damage. 😕 HP[-1]
You take 1 damage, and now have 26/27 hp.
You slash the bat!
You kill the bat!
The ball python bites you but does no damage.
The ball python misses you. 😎 HP[+1]
Your hp is fully restored (27).
Okay, then.
You closely miss the ball python. The ball python bites you.
You block the ball python's attack. 😕 HP[-1]
You take 1 damage, and now have 26/27 hp.
You closely miss the ball python. The ball python barely misses you.
The ball python grabs you. The ball python constricts you.
You block the ball python's attack.
The ball python constricts you. 😕 HP[-1]
You take 1 damage, and now have 25/27 hp.
You slash the ball python!
You kill the ball python! 😕 HP[+1] No target in view!
Unknown command.
You now have 26 gold pieces (gained 13). 2 gnolls come into view. 😎 HP[+1]
Your hp is fully restored (27).
There are monsters nearby!
There are monsters nearby!
Okay, then.
As you read the scroll labelled KYXUIK SELYU, it crumbles to dust.
A wave of despondency washes over your surroundings.
It was a scroll of vulnerability.
Unknown command.
As you read the scroll labelled PETZUTI WUMOOR, it crumbles to dust.
It is a scroll of identify.
g - a scroll of torment
As you read the scroll of identify, it crumbles to dust.
h - a scroll of noise
As you read the scroll of identify, it crumbles to dust.
i - a potion of cancellation
As you read the scroll labelled CYHOYH ONIH, it dissolves into smoke.
It was a scroll of fog.
Unknown command.
Okay, then.
Unknown command.
It was a potion of resistance.
You feel protected.
Unknown command.
Unknown command.
There are monsters nearby!
There are monsters nearby!
A bat comes into view.
The bat closely misses you.
A gnoll comes into view. It is wielding a +0 flail.
The gnoll shouts! x2
The bat hits you but does no damage. The bat barely misses you.
The gnoll barely misses you.
The gnoll hits you from afar with a +0 halberd. 😕 HP[-2]
You take 2 damage, and now have 25/27 hp.
You completely miss the gnoll. You slash the gnoll! The bat barely misses you.
The gnoll barely misses you. You block the gnoll's attack.
The gnoll hits you from afar with a +0 halberd! 😮 HP[-8]
You take 8 damage, and now have 17/27 hp.
MASSIVE DAMAGE!! (PAUSE) Unknown command.
The bat hits you but does no damage. x2; The gnoll attacks as it pursues you!
The gnoll hits you with a +0 flail!
* * * LOW HITPOINT WARNING * * *
You block the gnoll's attack. The gnoll hits you with a +0 halberd!
You die...

Skill      XL: |  1  2  3 |
---------------+----------+-----
Evocations     | 1 2 |  2.4
Invocations    | 1 |  1.4
Fighting       | |  2.0
Axes           | |  3.6
Throwing       | |  1.7
Dodging        | |  2.6

Action                     || total
---------------------------++-------
  Melee: War axe           ||    77
    Use: Scroll            ||     5
         Potion            ||     1
 Armour: Leather armour    ||    66
  Dodge: Dodged            ||    68
  Block: Other             ||     6

Levels and vault maps discovered:
D:1:      denvon_arrival_waterhouse, layout_basic, st_stairs_9,
          minmay_misc_feat_enclosed
D:2:      layout_rooms, uniq_natasha, uniq_robin

Notes
Turn   | Place    | Note
-------+----------+-------------------------------------------
     0 | D:1      | ytrimaz the Coglin Gladiator began the quest for the Orb.
     0 | D:1      | Reached XP level 1. HP: 16/16 MP: 1/1
     0 | D:1      | magus.rc [v1.9.6]
    58 | D:1      | Reached skill level 1 in Evocations
    59 | D:1      | Reached XP level 2. HP: 22/22 MP: 2/2
   220 | D:1      | Reached skill level 1 in Invocations
   223 | D:1      | Reached XP level 3. HP: 25/27 MP: 3/3
   346 | D:1      | Reached skill level 2 in Evocations
   934 | D:2      | You pick up a book of Necromancy and begin reading...
   934 | D:2      | You add the spells Necrotise, Vampiric Draining, Martyr's
                  | Knell and Curse of Agony to your library.
   991 | D:2      | HP: 6/27 [gnoll/+0 flail (11)]
   991 | D:2      | Mangled by a gnoll

Vanquished Creatures
  A dart slug (D:1)
  3 bats
  2 endoplasms (D:1)
  3 giant cockroaches (D:1)
  3 goblins (D:1)
  4 hobgoblins (D:1)
  3 kobolds (D:1)
  A quokka (D:1)
  6 ball pythons
  2 frilled lizards
  A rat (D:2)
29 creatures vanquished.

Table legend:
 A = Non-vault XP
 B = Vault XP
 C = Vault XP percentage of total XP
 D = Non-vault monster count
 E = Vault monster count
 F = Vault count percentage of total count
                 A         B        C        D         E       F
            +---------+---------+-------+---------+---------+-------
      Total |      75 |       6 |   7.4 |      27 |       2 |   6.9
            +---------+---------+-------+---------+---------+-------
        D:1 |      63 |       6 |   8.7 |      22 |       2 |   8.3
        D:2 |      12 |       0 |   0.0 |       5 |       0 |   0.0
            +---------+---------+-------+---------+---------+-------

Skill      XL: |  1  2  3 |
---------------+----------+-----
Evocations     | 1 2 |  2.4
Invocations    | 1 |  1.4
Fighting       | |  2.0
Axes           | |  3.6
Throwing       | |  1.7
Dodging        | |  2.6

Action                     || total
---------------------------++-------
  Melee: War axe           ||    77
    Use: Scroll            ||     5
         Potion            ||     1
 Armour: Leather armour    ||    66
  Dodge: Dodged            ||    68
  Block: Other             ||     6

Illustrated notes

Table legend:
 A = Kills in this place as a percentage of kills in the entire game.
 B = Kills by you in this place as a percentage of kills by you in the entire game.
 C = Kills by friends in this place as a percentage of kills by friends in the entire game.
 D = Other kills in this place as a percentage of other kills in the entire game.
 E = Experience gained in this place as a percentage of experience gained in the entire game.
 F = Experience gained in this place divided by the number of levels of this place that you have seen.
                   A       B       C       D       E      F
               +-------+-------+-------+-------+-------+----------------------
         Total | 100.0 | 100.0 |   N/A |   N/A | 100.0 |  40.5
       Dungeon | 100.0 | 100.0 |   N/A |   N/A | 100.0 |  40.5
               +-------+-------+-------+-------+-------+----------------------

Table legend: (Time is in decaauts)
 A = Elapsed time spent in this place.
 B = Non-inter-level travel time spent in this place.
 C = Inter-level travel time spent in this place.
 D = Time resting spent in this place.
 E = Time spent auto-exploring this place.
 F = Levels seen in this place.
 G = Mean time per level.
                   A        B        C        D        E       F      G
               +--------+--------+--------+--------+--------+-----+--------+
         Total |   1064 |   1044 |     20 |      0 |    762 |   2 |  532.0 |
       Dungeon |   1064 |   1044 |     20 |      0 |    762 |   2 |  532.0 |
               +--------+--------+--------+--------+--------+-----+--------+

Top non-repeatable levels by time:
     D:1: 922 daAuts
     D:2: 142 daAuts
